 Dungeon Crawl Stone Soup version 0.23-a0-612-gcb482e9 (webtiles) character file.

155 Mgcat the Chopper (level 5, -6/46 HPs)
             Began as a Hill Orc Gladiator on Dec 21, 2018.
             Killed by divine providence
             ... invoked by an orc priest
              (13 damage)
             ... on level 2 of the Dungeon.
             The game lasted 00:03:41 (1785 turns).

Mgcat the Chopper (Hill Orc Gladiator)              Turns: 1785, Time: 00:03:42

Health: -6/46      AC:  7    Str: 18    XL:     5   Next: 37%
Magic:  14/14      EV: 12    Int:  8    God:
Gold:   132        SH:  0    Dex: 12    Spells: 4/4 levels left

rFire    . . .     SeeInvis .   a - +0 war axe
rCold    . . .     Gourm    .   (no shield)
rNeg     . . .     Faith    .   q - +0 ring mail
rPois    .         Spirit   .   c - +0 helmet
rElec    .         Reflect  .   (no cloak)
rCorr    .         Harm     .   (no gloves)
MR       .....                  t - +0 pair of boots
Stlth    +.........             u - amulet of regeneration {+regen, !d}
HPRegen  0.55/turn              o - ring of magical power {MP+9}
MPRegen  0.14/turn              (no ring)

@: no status effects
A: no striking features
a: Convert to Beogh


You were on level 2 of the Dungeon.
You were not hungry.

You visited 1 branch of the dungeon, and saw 2 of its levels.

You collected 132 gold pieces.

Inventory:

Hand Weapons
 a - a +0 war axe (weapon)
Missiles
 d - 3 throwing nets {=f, !d}
Armour
 c - a +0 helmet (worn)
 q - a +0 ring mail (worn)
   (You found it on level 1 of the Dungeon)
 t - a +0 pair of boots (worn)
   (You found it on level 2 of the Dungeon)
Jewellery
 o - a ring of magical power (left hand) {MP+9}
   (You found it on level 1 of the Dungeon)
 u - an amulet of regeneration (around neck) {+regen, !d}
   (You found it on level 2 of the Dungeon)
Wands
 r - a wand of acid (7)
   (You found it on level 2 of the Dungeon)
Scrolls
 e - 4 scrolls of identify {unknown}
 h - a scroll of teleportation {unknown}
 i - 2 scrolls of enchant armour {unknown}
 k - 2 scrolls of remove curse {unknown}
 l - 2 scrolls of amnesia {unknown}
 n - 2 scrolls of fog {unknown}
 s - a scroll of enchant weapon {unknown}
Potions
 g - 2 potions of flight {unknown}
 j - 2 potions of invisibility {unknown}
 m - 4 potions of curing {unknown}
 p - a potion of might {unknown}
Comestibles
 b - 6 chunks of flesh {@w0}
 f - 2 rations


   Skills:
 + Level 3.9 Fighting
 + Level 5.2 Axes
 - Level 1.7 Throwing
 + Level 2.4 Armour
 + Level 3.1 Dodging


You had 4 spell levels left.
You didn't know any spells.
Your spell library contained the following spells:

 Spells                   Type           Power        Failure   Level  Hunger
 Confusing Touch          Hex            #.....       58%         1    ##.....
 Confuse                  Hex            #.......     92%         3    ####...
 Gell's Gravitas          Tloc           #.........   92%         3    ####...
 Petrify                  Tmut/Erth      #.......     100%        4    #####..
 Metabolic Englaciation   Hex/Ice        #.........   100%        5    ######.
 Yara's Violent Unravell  Hex/Tmut       #.........   100%        5    ######.


Dungeon Overview and Level Annotations

Branches:
Dungeon (2/15)

Altars:


Message History

Pain shoots through your body!
The orc priest calls upon Beogh to heal the orc wizard.
The orc wizard's wounds heal themselves!
The orc wizard hits you but does no damage.
The orc priest shouts, "Surrender to Beogh and we'll let you live!"
Unknown command.
Unknown command.
Unknown command.
You are too injured to fight recklessly!
Unknown command.
Unknown command.
You slash the orc wizard!
The orc wizard is severely wounded.
The orc priest miscasts a cantrip.
The orc wizard points at you and mumbles some strange words.
The puff of frost hits you!
Unknown command.
Unknown command.
Unknown command.
Your ring mail prevents you from hitting the orc wizard.
The orc wizard is severely wounded.
The orc wizard barely misses you. The orc wizard closely misses you.
Unknown command.
Unknown command.
Unknown command.
You hit the orc wizard.
The orc wizard is almost dead.
You hit the orc priest.
The orc wizard hits you with a +0 dagger.
The orc priest looks braver for a moment.
The orc priest completely misses you. The orc wizard misses you.
Unknown command.
Unknown command.
The orc priest threatens, "By the altar or by the axe, you will meet Beogh!"
You slash the orc wizard!
You kill the orc wizard!
You barely miss the orc priest.
The orc priest shouts, "Beogh is our master!
Accept the truth or die!"
Unknown command.
Unknown command.
Unknown command.
You hit the orc priest but do no damage.
The orc priest is moderately wounded.
The orc priest barely misses you.
The orc priest hits you with a +1 flail of protection!
The orc wizard casts a spell at you. You resist with some effort.
Unknown command.
Unknown command.
Unknown command.
You hit the orc priest but do no damage.
The orc priest is moderately wounded.
The orc priest threatens, "By the altar or by the axe, you will meet Beogh!"
You hit the orc wizard.
The orc priest hits you from afar with a +0 trident.
The orc priest casts a cantrip, but nothing happens.
The orc wizard closely misses you. The orc priest closely misses you.
Unknown command.
Unknown command.
You closely miss the orc wizard.
The orc wizard is lightly wounded.
You hit the orc priest. The orc priest barely misses you.
The orc wizard gestures wildly while chanting.
The orc wizard flickers and vanishes!
Deactivating autopickup; reactivate with Ctrl-A.
The orc priest hits you but does no damage.
Unknown command.
Unknown command.
Unknown command.
You closely miss something. You barely miss the orc priest.
The orc priest barely misses you. Something hits you but does no damage.
The orc priest hits you from afar with a +0 trident.
Unknown command.
Unknown command.
Unknown command.
You closely miss something. You barely miss the orc priest.
The orc priest invokes the aid of Beogh against you.
Beogh smites you!
* * * LOW HITPOINT WARNING * * *
Something hits you.
* * * LOW HITPOINT WARNING * * *
The orc priest barely misses you.
The orc priest hits you but does no damage.
Something barely misses you.
Unknown command.
Unknown command.
Unknown command.
You see here a +0 club.
Unknown command.
Unknown command.
The orc priest calls upon Beogh to heal the orc priest.
The orc priest is healed somewhat.
Unknown command.
Unknown command.
The orc priest invokes the aid of Beogh against you.
You barely resist.
There is a stone staircase leading up here.
The orc priest invokes the aid of Beogh against you.
Beogh smites you!
You die...

........##..##.#
........###.##.##
........# #.##..#
........###..##.##
........o>....#..#
.o...####.##..##.# ....
#..o#...#.# ...
##.....♣♣.♣♣ ..
#..#@.♣♣.P♣
##############.##.♣..♣♣
....'........#.)..♣♣..♣
##8.#........#.##.♣♣.♣♣
#####'########.##....#
÷...........##.#######
≈≈≈≈≈≈≈[≈≈≈≈≈#.#
≈≈≈≈≈≈≈≈≈≈≈≈≈#.#
............##.#


You could see 2 orc priests.

Vanquished Creatures
  An orc wizard (D:2)
  5 adders (D:2)
  A worm (D:2)
  4 leopard geckos
  An orc (D:2)
  5 giant cockroaches
  7 goblins
  14 hobgoblins
  6 jackals
  2 quokkas (D:2)
  8 bats
  3 frilled lizards (D:1)
  7 kobolds
  4 rats
68 creatures vanquished.

Notes
Turn   | Place    | Note
-------+----------+-------------------------------------------
     0 | D:1      | Mgcat the Hill Orc Gladiator began the quest for the Orb.
     0 | D:1      | Reached XP level 1. HP: 18/18 MP: 1/1
    65 | D:1      | Reached XP level 2. HP: 17/25 MP: 2/2
   243 | D:1      | Reached skill level 1 in Armour
   254 | D:1      | Reached skill level 3 in Fighting
   254 | D:1      | Reached XP level 3. HP: 14/31 MP: 3/3
  1021 | D:2      | Reached XP level 4. HP: 34/38 MP: 4/4
  1298 | D:2      | Reached skill level 3 in Dodging
  1298 | D:2      | Reached skill level 2 in Armour
  1365 | D:2      | Reached skill level 5 in Axes
  1613 | D:2      | Reached XP level 5. HP: 44/46 MP: 5/5
  1781 | D:2      | HP: 6/46 [orc priest/divine providence (14)]
  1785 | D:2      | Killed from afar by an orc priest

Vault maps used:
D:1:      nicolae_arrival_memento_mori, minmay_pentomino_v2
D:2:      wad_river_or_something, serial_forest, infiniplex_forest_lined_3,
          infiniplex_forest_diagonal, infiniplex_forest_clump_long,
          infiniplex_forest_corner_2, infiniplex_forest_lined_ring,
          infiniplex_forest_zigzag_1, infiniplex_forest_straight_4,
          infiniplex_forest_straight_1, chequers_ecumenical_altar_grove

Skill      XL: |  1  2  3  4 |
---------------+-------------+-----
Armour         | 1 2 |  2.4
Fighting       | 3 |  3.9
Dodging        | 3 |  3.1
Axes           | 5 |  5.2
Throwing       | |  1.7

Action                   |  1- 3 |  4- 6 || total
-------------------------+-------+-------++-------
Melee: War axe           |   100 |   100 ||   200
Evoke: Wand              |       |     2 ||     2
  Eat: Chunk             |     1 |     2 ||     3
Armor: Leather armour    |    16 |       ||    16
       Ring mail         |    17 |    46 ||    63
Dodge: Dodged            |    67 |    86 ||   153

Table legend:
 A = Non-vault XP
 B = Vault XP
 C = Vault XP percentage of total XP
 D = Non-vault monster count
 E = Vault monster count
 F = Vault count percentage of total count
                 A         B        C        D         E       F
            +---------+---------+-------+---------+---------+-------
      Total |     203 |      19 |   8.6 |      57 |      11 |  16.2
            +---------+---------+-------+---------+---------+-------
        D:1 |      42 |       2 |   4.5 |      23 |       2 |   8.0
        D:2 |     161 |      17 |   9.6 |      34 |       9 |  20.9
            +---------+---------+-------+---------+---------+-------

Vault maps used:
D:1:      nicolae_arrival_memento_mori, minmay_pentomino_v2
D:2:      wad_river_or_something, serial_forest, infiniplex_forest_lined_3,
          infiniplex_forest_diagonal, infiniplex_forest_clump_long,
          infiniplex_forest_corner_2, infiniplex_forest_lined_ring,
          infiniplex_forest_zigzag_1, infiniplex_forest_straight_4,
          infiniplex_forest_straight_1, chequers_ecumenical_altar_grove

Table legend:
 A = Turns spent in this place as a percentage of turns spent in the entire game.
 B = Non-inter-level travel turns spent in this place as a percentage of non-inter-level travel turns spent in the entire game.
 C = Inter-level travel turns spent in this place as a percentage of turns spent in this place.
 D = Turns resting spent in this place as a percentage of non-inter-level travel turns spent in this place.
 E = Turns spent auto-exploring this place as a percentage of non-inter-level travel turns spent in this place.
 F = Non-inter-level travel turns spent in this place divided by the number of levels of this place that you've seen.
                   A       B       C       D       E      F
               +-------+-------+-------+-------+-------+----------------------
         Total | 100.0 | 100.0 |   2.0 |   0.6 |  76.9 | 874.5
       Dungeon | 100.0 | 100.0 |   2.0 |   0.6 |  76.9 | 874.5
               +-------+-------+-------+-------+-------+----------------------

Table legend:
 A = Kills in this place as a percentage of kills in entire the game.
 B = Kills by you in this place as a percentage of kills by you in the entire game.
 C = Kills by friends in this place as a percentage of kills by friends in the entire game.
 D = Other kills in this place as a percentage of other kills in the entire game.
 E = Experience gained in this place as a percentage of experience gained in the entire game.
 F = Experience gained in this place divided by the number of levels of this place that you have seen.
                   A       B       C       D       E      F
               +-------+-------+-------+-------+-------+----------------------
         Total | 100.0 | 100.0 |   N/A |   N/A | 100.0 | 111.0
       Dungeon | 100.0 | 100.0 |   N/A |   N/A | 100.0 | 111.0
               +-------+-------+-------+-------+-------+----------------------
